 Dungeon Crawl Stone Soup version 0.27.0-1-g7a089689b8 (webtiles) character file.

Game seed: 4429859807625079407

86 Spaninq the Skirmisher (level 4, -1/35 HPs)
             Began as a Human Abyssal Knight on Aug 9, 2021.
             Was a Believer of Lugonu.
             Slain by a gnoll shaman (6 damage)
             ... on level 2 of the Dungeon.
             The game lasted 00:04:15 (2741 turns).

Spaninq the Skirmisher (Human Abyssal Knight)       Turns: 2741, Time: 00:04:16

Health: -1/35      AC:  4    Str: 14    XL:     4   Next: 77%
Magic:  0/5        EV: 11    Int: 12    God:    Lugonu [**....]
Gold:   142        SH:  0    Dex: 12    Spells: 2/3 levels left

rFire    . . .     SeeInvis .   a - +1 falchion
rCold    . . .     Faith    .   (no shield)
rNeg     . . .     Spirit   +   b - +0 leather armour
rPois    .         Reflect  .   (no helmet)
rElec    .         Harm     .   h - +0 cloak
rCorr    .         Rampage  .   (no gloves)
Will     .....                  (no boots)
Stlth    +.........             r - amulet of guardian spirit
HPRegen  0.11/turn              (no ring)
MPRegen  0.09/turn              (no ring)

@: hasted, very quick
A: no striking features
a: Renounce Religion, Depart the Abyss, Bend Space


You were on level 2 of the Dungeon.
You worshipped Lugonu.
Lugonu was pleased with you.
You visited 1 branch of the dungeon, and saw 3 of its levels.
You visited the Abyss 1 time.

You collected 142 gold pieces.

Inventory:

Hand Weapons
 a - a +1 falchion (weapon)
Armour
 b - a +0 leather armour (worn)
 h - a +0 cloak (worn)
 m - a +1 robe of cold resistance
Jewellery
 e - a +6 ring of intelligence
 r - an amulet of guardian spirit (around neck)
Scrolls
 c - 6 scrolls of teleportation {unknown}
 f - a scroll of fog {unknown}
 i - a scroll of identify {unknown}
 j - a scroll of immolation {unknown}
 n - a scroll of vulnerability {unknown}
 p - a scroll of enchant weapon {unknown}
 q - a scroll of blinking {unknown}
Potions
 d - 2 potions of lignification {unknown}
 g - a potion of heal wounds {unknown}
 k - a potion of brilliance {unknown}
 l - 3 potions of haste
 o - a potion of ambrosia {unknown}


   Skills:
 + Level 3.5 Fighting
 * Level 3.2 Long Blades
 + Level 2.7 Armour
 + Level 2.0 Dodging
 - Level 2.0 Invocations


You had 2 spell levels left.
You knew the following spells:

 Your Spells              Type           Power      Damage    Failure   Level
a - Apportation           Tloc           0%         N/A       38%         1

Your spell library contained the following spells:

 Spells                   Type           Power      Damage    Failure   Level
 Stone Arrow              Conj/Erth      0%         3d7       77%         3
 Animate Armour           Summ/Erth      0%         N/A       99%         4
 Alistair's Intoxication  Tmut/Pois      0%         N/A       100%        5
 Invisibility             Hex            0%         N/A       100%        6
 Lehudib's Crystal Spear  Conj/Erth      0%         10d2      100%        8


Dungeon Overview and Level Annotations

Branches:
Dungeon (3/15)

Altars:
Vehumet

Annotations:
D:2 1 runed translucent door, Crazy Yiuf


Message History

The gnoll shaman hits you with a +0 club!
You climb upwards.
Level annotation: 1 runed translucent door, Crazy Yiuf
There is a stone staircase leading down here.
You hit the gnoll shaman.
The gnoll shaman is lightly wounded.
The gnoll shaman barely misses you.
You riposte.
You slash the gnoll shaman!
The gnoll shaman is heavily wounded.
You hit the gnoll shaman.
The gnoll shaman is severely wounded.
The gnoll shaman hits you with a +0 club.
You hit the gnoll shaman but do no damage.
The gnoll shaman is severely wounded.
The gnoll shaman hits you with a +0 club.
You hit the gnoll shaman.
The gnoll shaman is almost dead.
The gnoll shaman hits you but does no damage.
The gnoll shaman invokes the aid of its god against you.
You resist with some effort.
You barely miss the gnoll shaman.
The gnoll shaman is almost dead.
The gnoll shaman barely misses you.
You riposte.
You hit the gnoll shaman.
The gnoll shaman is almost dead.
You hit the gnoll shaman but do no damage.
The gnoll shaman is almost dead.
The gnoll shaman prays to its god.
The gnoll shaman is healed somewhat.
You closely miss the gnoll shaman.
The gnoll shaman is severely wounded.
The gnoll shaman hits you with a +0 club.
You hit the gnoll shaman but do no damage.
The gnoll shaman is severely wounded.
The gnoll shaman hits you with a +0 club.
You hit the gnoll shaman.
The gnoll shaman is almost dead.
The gnoll shaman hits you with a +0 club!
* * * LOW HITPOINT WARNING * * *
It was a potion of haste.
You feel yourself speed up.
The gnoll shaman hits you with a +0 club!
You die...

#############
#...........#####
#.##...####.....#
#.#.#.#.# #####.#
#.##...## #.#
#.....## #.####
###.### #.##.####
#.# #..g....#
###)########
##@#.##.#
....##.....#
#.#.##.#
######.....#
#.#.##.# ..#
#.....# #.#.##.#
#.#
#.....#####.#.##.#
#.#
#.........#......#
#.#
#########.###.####
#.#
######......##.#
#.#
#.......##..##.#


You could see a gnoll shaman.

Vanquished Creatures
  Jessica (D:2)
  An adder (D:2)
  2 worms
  A dart slug (D:3)
  An orc (D:3)
  4 bats
  5 endoplasms
  2 giant cockroaches (D:2)
  4 goblins
  A hobgoblin (D:3)
  4 jackals
  A quokka (D:1)
  2 ball pythons
  2 frilled lizards (D:1)
  5 kobolds
  3 rats
39 creatures vanquished.

Notes
Turn   | Place    | Note
-------+----------+-------------------------------------------
     0 | Abyss:1  | Spaninq the Human Abyssal Knight began the quest for the
                  | Orb.
     0 | Abyss:1  | Reached XP level 1. HP: 18/18 MP: 2/2
    18 | D:1      | Escaped the Abyss
    95 | D:1      | Reached XP level 2. HP: 19/24 MP: 3/3
   426 | D:1      | Found a faded altar of an unknown god.
  1214 | D:2      | Reached XP level 3. HP: 28/29 MP: 4/4
  1276 | D:2      | Noticed Jessica
  1289 | D:2      | Killed Jessica
  1290 | D:2      | Reached XP level 4. HP: 16/35 MP: 5/5
  1798 | D:2      | Learned a level 1 spell: Apportation
  2043 | D:2      | Reached ** piety under Lugonu
  2145 | D:2      | Found a runed translucent door.
  2146 | D:2      | Noticed Crazy Yiuf
  2636 | D:3      | Found a radiant altar of Vehumet.
  2741 | D:2      | Slain by a gnoll shaman

Illustrated notes

Levels and vault maps discovered:
D:1:      matt_arrival_refuge, layout_basic,
          ebering_ecumenical_altar_sacrificial, ebering_dispersal_statue_hall,
          nrook_campfire
D:2:      layout_loops_cross, minmay_randomly_rotated_circles, uniq_jessica,
          uniq_crazy_yiuf_cottage
D:3:      layout_basic, mainiacjoe_overflow_small_starburst,
          nicolae_ru_great_annihilating_truth

Skill      XL: |  1  2  3  4 |
---------------+-------------+-----
Long Blades    | 3 |  3.2
Dodging        | 2 |  2.0
Fighting       | |  3.5
Armour         | |  2.7
Invocations    | |  2.0

Action                   |  1- 3 |  4- 6 || total
-------------------------+-------+-------++-------
Melee: Falchion          |    34 |    75 ||   109
  Use: Potion            |       |     1 ||     1
Armor: Leather armour    |    10 |    41 ||    51
Dodge: Dodged            |    23 |    57 ||    80
       Rpst.: Falchion   |     9 |    19 ||    28
